 Seeded DCSS version 0.29.1-12-g30fa7ad0bf (webtiles) character file.

Game seed: 1 (custom seed)

7654 Kazon the Slasher (level 10, -1/77 HPs)
             Began as a Demonspawn Gladiator on Dec 15, 2022.
             Was an Elder of Okawaru.
             Slain by a tentacled starspawn (5 damage)
             ... on level 2 of the Abyss.
             The game lasted 00:38:00 (7216 turns).

Kazon the Slasher (Demonspawn Gladiator)            Turns: 7216, Time: 00:38:01

Health: -1/77      AC: 16    Str: 17    XL:     10   Next: 99%
Magic:  13/15      EV: 16    Int: 10    God:    Okawaru [****..]
Gold:   404        SH:  6    Dex: 13    Spells: 11/12 levels left

rFire   . . .      SeeInvis +   s - +3 falchion of Winter {venom, rCorr}
rCold   + + .      Faith    .   c - +0 buckler
rNeg    + . .      Spirit   .   E - +3 leather armour {rC+}
rPois   .          Reflect  .   A - +0 helmet
rElec   .          Harm     .   f - +1 cloak of Magh {+Blink Regen+ Dex-3 SInv}
rCorr   +          Rampage  .   (no gloves)
Will    .....                   l - +2 pair of boots
Stlth   ++++......              g - amulet of the acrobat
HPRegen 1.02/turn               t - ring of positive energy
MPRegen 0.14/turn               F - ring of protection from cold

@: heroic
A: claws 2, yellow scales 1, powered by death 1, spiny 2
a: Renounce Religion, Evoke Blink, Heroism, Finesse


You were on level 2 of the Abyss.
You worshipped Okawaru.
Okawaru was greatly pleased with you.
You visited 2 branches of the dungeon, and saw 11 of its levels.
You visited the Abyss 1 time.

You collected 630 gold pieces.
You spent 226 gold pieces at shops.

Inventory:

Hand Weapons
 e - a +2 dagger of venom
 s - the +3 falchion of Winter (weapon) {venom, rCorr}
   (You bought it in a shop on level 3 of the Dungeon)

   It poisons the flesh of those it strikes.
   rCorr:     It protects you from acid and corrosion.
Missiles
 d - 4 throwing nets
 k - 35 stones
 n - 14 boomerangs (quivered)
 u - 2 javelins
 C - 3 curare-tipped darts
 J - 13 poisoned darts
Armour
 c - a +0 buckler (worn)
 f - the +1 cloak of Magh (worn) {+Blink Regen+ Dex-3 SInv}
   (You acquired it on level 1 of the Dungeon)

   Dex:       It affects your dexterity (-3).
   SInv:      It lets you see invisible.
   +Blink:    It lets you blink.
   Regen:     It increases your rate of health regeneration.
 l - a +2 pair of boots (worn)
 A - a +0 helmet (worn)
 E - a +3 leather armour of cold resistance (worn)
Jewellery
 g - an amulet of the acrobat (around neck)
 t - a ring of positive energy (left claw)
 F - a ring of protection from cold (right claw)
 P - a ring of protection from cold
Wands
 z - a wand of mindburst (18)
 B - a wand of paralysis (16)
 D - a wand of flame (11)
 L - a wand of roots (6)
Scrolls
 i - 11 scrolls of identify
 o - a scroll of immolation
 p - a scroll of poison {unknown}
 r - 3 scrolls of fog {unknown}
 v - 2 scrolls of noise {unknown}
 w - a scroll of magic mapping {unknown}
 y - 3 scrolls of teleportation
 G - 2 scrolls of enchant weapon {unknown}
 K - 3 scrolls of fear
 M - a scroll of summoning {unknown}
 O - a scroll of amnesia {unknown}
Potions
 a - 2 potions of ambrosia {unknown}
 b - 4 potions of berserk rage {unknown}
 h - 2 potions of haste {unknown}
 j - 4 potions of attraction {unknown}
 m - 2 potions of cancellation {unknown}
 q - 2 potions of flight
 x - 5 potions of lignification {unknown}
 H - 2 potions of curing
 I - a potion of might
Miscellaneous
 N - a condenser vane


   Skills:
 * Level 6.7(11.7) Fighting
 + Level 3.4(11.0) Short Blades
 + Level 7.8(13.2) Long Blades
 + Level 4.3(9.3) Throwing
 + Level 4.3(9.3) Armour
 + Level 5.5(10.5) Dodging
 + Level 4.5(9.5) Stealth
 + Level 4.0(9.0) Shields
 + Level 1.5 Spellcasting
 + Level 2.2 Necromancy
 * Level 7.2 Invocations
 * Level 6.4 Evocations


You had 11 spell levels left.
You knew the following spells:

 Your Spells              Type           Power      Damage    Failure   Level
a - Necrotise             Necr           20%        1d5       19%         1

Your spell library contained the following spells:

 Spells                   Type           Power      Damage    Failure   Level
 Apportation              Tloc           0%         N/A       43%         1
 Magic Dart               Conj           0%         1d3       43%         1
 Sting                    Tmut/Pois      0%         1d3       43%         1
 Poisonous Vapours        Pois/Air       0%         N/A       58%         2
 Mephitic Cloud           Conj/Pois/Air  0%         N/A       82%         3
 Ozocubu's Armour         Ice            0%         N/A       82%         3
 Olgreb's Toxic Radiance  Pois           0%         N/A       99%         4
 Fireball                 Conj/Fire      0%         3d3       100%        5
 Iskenderun's Battlesphe  Conj           0%         2d6       100%        5
 Metabolic Englaciation   Hex/Ice        0%         N/A       100%        5
 Conjure Ball Lightning   Conj/Air       0%         3x3d6     100%        6
 Orb of Destruction       Conj           0%         9d5       100%        7
 Summon Small Mammal      Summ           Unusable   N/A       N/A         1
 Call Imp                 Summ           Unusable   N/A       N/A         2
 Simulacrum               Ice/Necr       Unusable   N/A       N/A         6

Dungeon Overview and Level Annotations

Branches:
Dungeon (10/15)            Temple (1/1) D:7            Lair (0/5) D:10
    Orc: D:9-12

Altars:
Ashenzari
Dithmenos
Gozag
Hepliaklqana
Makhleb
Nemelex Xobeh
Okawaru
Qazlal
Uskayaw
Xom

Shops:
D:3 (   D:8 ?(==

Annotations:
D:10 Erolcha


Innate Abilities, Weirdness & Mutations

You have very sharp fingernails.
You are partially covered in yellow scales. (AC +2)
You regenerate a little health from kills.
You are mostly covered in sharp spines.


Message History

You hit the starspawn tentacle but do no damage.
The starspawn tentacle is moderately damaged.
You hit the tentacled starspawn.
The tentacled starspawn is lightly damaged.
You slash the tentacled starspawn!
The tentacled starspawn is lightly damaged.
The tentacled starspawn bites you!
The tentacled starspawn tentacle-slaps you!!
You hit the tentacled starspawn.
The tentacled starspawn is moderately damaged.
The tentacled starspawn bites you but does no damage.
The tentacled starspawn tentacle-slaps you but does no damage.
You hit the tentacled starspawn.
The tentacled starspawn is moderately damaged.
The tentacled starspawn is struck by your spines.
The tentacled starspawn bites you!!
* * * LOW HITPOINT WARNING * * *
The tentacled starspawn tentacle-slaps you.
* * * LOW HITPOINT WARNING * * *
You gain the combat prowess of a mighty hero.
A tentacle flies out from the starspawn's body!
A starspawn tentacle comes into view.
You slash the tentacled starspawn!
The tentacled starspawn is heavily damaged.
You block the tentacled starspawn's attack.
The tentacled starspawn tentacle-slaps you.
* * * LOW HITPOINT WARNING * * *
You slash the tentacled starspawn!
The tentacled starspawn is heavily damaged.
The tentacled starspawn is struck by your spines.
The tentacled starspawn misses you.
The tentacled starspawn completely misses you.
You hit the tentacled starspawn.
The tentacled starspawn is heavily damaged.
You hit the tentacled starspawn.
The tentacled starspawn is severely damaged.
The tentacled starspawn bites you!
* * * LOW HITPOINT WARNING * * *
The tentacled starspawn tentacle-slaps you.
You die...

.# ## .. ..
...#... . . .
#.#.. ##. # ..
...# ## ## ..
# # .#.#..###
.. #.#.##.#..
....
#.##.#/####
....#
#.####wX─# #.#
X #....@##
...# ' ...
#.#####w─..###
..#. ##..##.#
.. #. #
#.##.### # . .
#..### ##. #.#
###


You could see a tentacled starspawn and 2 starspawn tentacles.

Vanquished Creatures
  A two-headed ogre (D:9)
  Maggie (D:6)
  A troll (D:10)
  Prince Ribbit (D:9)
  A shadow (D:9)
  A vampire (D:10)
  A yak (D:6)
  2 wyverns
  Eustachio (D:5)
  2 steam dragons
  Menkaure (D:5)
  Edmund (D:6)
  An acid dragon (D:10)
  4 water moccasins
  4 orc warriors
  An ice beast (D:8)
  5 sky beasts
  2 black bears (D:6)
  4 centaurs
  An ogre (D:6)
  A wolf (D:10)
  2 phantoms (D:6)
  2 kobold brigands
  A bullfrog (D:7)
  2 necrophages (D:6)
  A gnoll sergeant (D:7)
  5 scorpions
  14 wights
  An electric eel (D:10)
  A howler monkey (D:5)
  2 jellies (D:6)
  6 hounds
  7 orc priests
  A gnoll bouda (D:7)
  6 iguanas
  2 orc wizards (D:9)
  Robin (D:3)
  15 gnolls
  13 adders
  3 shadow imps
  2 white imps (D:7)
  An ufetubus (D:5)
  3 worms
  34 orcs
  11 endoplasms
  A giant cockroach (D:1)
  16 goblins
  9 hobgoblins
  A jackal (D:4)
  17 kobolds
  2 quokkas
  5 ball pythons
  4 bats
  3 frilled lizards
  6 rats
237 creatures vanquished.

Vanquished Creatures (others)
  A starspawn tentacle (Abyss:2)
1 creature vanquished.

Grand Total: 238 creatures vanquished

Notes
Turn   | Place    | Note
-------+----------+-------------------------------------------
     0 | D:1      | Kazon the Demonspawn Gladiator began the quest for the Orb.
     0 | D:1      | Reached XP level 1. HP: 16/16 MP: 1/1
    32 | D:1      | Identified a scroll of acquirement
    32 | D:1      | Acquired the +1 cloak of Magh {+Blink Regen+ Dex-3 SInv}
   222 | D:1      | Gained mutation: You are partially covered in sharp spines.
                  | [demonic ancestry]
   222 | D:1      | Reached XP level 2. HP: 22/22 MP: 2/2
   948 | D:2      | Gained mutation: You regenerate a little health from kills.
                  | [demonic ancestry]
   948 | D:2      | Reached XP level 3. HP: 27/27 MP: 3/3
  1270 | D:2      | Reached XP level 4. HP: 33/33 MP: 4/4
  1307 | D:2      | Reached skill level 1 in Armour
  1459 | D:3      | Found Umat's Antique Weapon Boutique.
  1487 | D:3      | Bought a crude falchion for 184 gold pieces
  1487 | D:3      | Identified the +3 falchion of Winter {venom, rCorr} (You
                  | bought it in a shop on level 3 of the Dungeon)
  1689 | D:3      | Reached skill level 1 in Evocations
  1747 | D:3      | Reached XP level 5. HP: 39/39 MP: 5/5
  1788 | D:3      | Noticed Robin
  1799 | D:3      | Killed Robin
  1843 | D:3      | Reached skill level 5 in Long Blades
  1843 | D:3      | Reached XP level 6. HP: 49/49 MP: 5/9
  1846 | D:3      | Learned a level 1 spell: Necrotise
  2187 | D:4      | Found a hazy altar of Hepliaklqana.
  2409 | D:4      | Gained mutation: You have sharp fingernails. [demonic
                  | ancestry]
  2409 | D:4      | Reached XP level 7. HP: 51/55 MP: 5/10
  2912 | D:5      | Entered Level 5 of the Dungeon
  2971 | D:5      | Noticed Eustachio
  3041 | D:5      | Reached skill level 1 in Necromancy
  3060 | D:5      | Reached skill level 1 in Spellcasting
  3096 | D:5      | Noticed Menkaure
  3110 | D:5      | Killed Menkaure
  3111 | D:5      | Gained mutation: You have very sharp fingernails. [demonic
                  | ancestry]
  3111 | D:5      | Reached XP level 8. HP: 18/61 MP: 11/11
  3207 | D:5      | Killed Eustachio
  3472 | D:5      | Reached skill level 5 in Fighting
  4067 | D:7      | Found a staircase to the Ecumenical Temple.
  4077 | Temple   | Entered the Ecumenical Temple
  4085 | Temple   | Became a worshipper of Warmaster Okawaru
  4123 | D:7      | Found a hide-covered altar of Uskayaw.
  4180 | D:6      | Noticed Edmund
  4186 | D:6      | Reached skill level 5 in Dodging
  4191 | D:6      | Reached * piety under Okawaru
  4205 | D:6      | Killed Edmund
  4206 | D:6      | Gained mutation: You are mostly covered in sharp spines.
                  | [demonic ancestry]
  4206 | D:6      | Reached XP level 9. HP: 62/68 MP: 12/12
  4236 | D:6      | Reached skill level 5 in Invocations
  4250 | D:6      | Reached skill level 5 in Evocations
  4281 | D:6      | Reached ** piety under Okawaru
  4791 | D:6      | Noticed Maggie
  4802 | D:6      | Killed Maggie
  4802 | D:6      | Reached *** piety under Okawaru
  4929 | D:7      | Gained mutation: You are partially covered in yellow
                  | scales. (AC +2) [demonic ancestry]
  4929 | D:7      | Reached XP level 10. HP: 76/76 MP: 14/14
  5482 | D:8      | Found Quzidd's Magic Scroll Emporium.
  5537 | D:8      | Bought a scroll of teleportation for 42 gold pieces
  5865 | D:8      | Reached **** piety under Okawaru
  5919 | D:8      | Found Heidghoki's Jewellery Shop.
  6021 | D:8      | Found Zoxtaeshakh's Jewellery Boutique.
  6291 | D:8      | Found Esumer's Weapon Shop.
  6470 | D:9      | Noticed Prince Ribbit
  6482 | D:9      | Killed Prince Ribbit
  6812 | D:9      | Noticed a two-headed ogre
  6835 | D:9      | Killed a two-headed ogre
  6994 | D:10     | Entered Level 10 of the Dungeon
  7036 | D:10     | Found a staircase to the Lair.
  7048 | D:10     | Received a gift from Okawaru
  7153 | D:10     | Noticed Erolcha
  7159 | Abyss:2  | Cast into level 2 of the Abyss (Erolcha)
  7169 | Abyss:2  | Noticed a tentacled starspawn
  7216 | Abyss:2  | Slain by a tentacled starspawn

Illustrated notes

Levels and vault maps discovered:
D:1:      dpeg_arrival_three_smaller_balls, layout_basic
D:2:      layout_loops_ring
D:3:      layout_basic, serial_shops, nicolae_shop_stone, st_stairs_9,
          minmay_misc_feat_doors, eino_curves_03, uniq_robin
D:4:      minmay_wonky_spiral, layout_basic,
          mainiacjoe_overflow_surrounded_room, minivault_5
D:5:      layout_cave_pods, uniq_menkaure, uniq_eustachio
D:6:      cheibrodos_barr_body, layout_basic, minmay_crystal_room,
          minmay_pentangle, uniq_maggie, uniq_edmund
D:7:      layout_cave_pools, nicolae_uskayaw_murder_on_the_dancefloor,
          elyvilon_altar_4, minmay_temple_entry_purple_smoke
D:8:      layout_basic, serial_shops, shop_statue, kennysheep_little_box, shop,
          nicolae_shop_window_shopping
D:9:      layout_cave_pools, uniq_prince_ribbit1
D:10:     layout_stronghold, erik_lair_island, serial_shops,
          nicolae_shop_statue_plus, uniq_erolcha
Temple:   nicolae_temple_bog_church
Abyss:2:  base: D:6, evilmike_abyss_exit_chaos

Skill      XL: |  1  2  3  4  5  6  7  8  9 10 |
---------------+-------------------------------+-----
Long Blades    | 3 5 6 7 |  7.8
Dodging        | 3 4 5 |  5.5
Armour         | 1 3 4 |  4.3
Evocations     | 1 3 4 5 6 |  6.4
Fighting       | 4 5 6 |  6.7
Short Blades   | 3 |  3.4
Throwing       | 3 4 |  4.3
Stealth        | 3 4 |  4.5
Shields        | 3 4 |  4.0
Invocations    | 4 6 7 |  7.2
Necromancy     | 1 2 |  2.2
Spellcasting   | 1 |  1.5

Action                   |  1- 3 |  4- 6 |  7- 9 | 10-12 || total
-------------------------+-------+-------+-------+-------++-------
Melee: Long sword        |    65 |       |       |       ||    65
       Dagger            |    16 |    38 |    14 |    15 ||    83
       Falchion          |       |    39 |   259 |   207 ||   505
Throw: Stone             |    10 |    15 |    18 |    39 ||    82
       Boomerang         |       |     4 |     6 |    13 ||    23
       Dart              |       |       |     1 |     2 ||     3
 Cast: Necrotise         |       |    15 |     6 |     1 ||    22
Invok: Heroism           |       |       |       |     5 ||     5
Evoke: Wand              |       |       |     2 |     1 ||     3
  Use: Scroll            |     1 |       |     3 |     2 ||     6
       Potion            |       |     1 |     3 |       ||     4
 Stab: Sleeping          |       |     1 |     8 |     6 ||    15
       Distracted        |       |       |     1 |       ||     1
Armor: Leather armour    |    32 |    18 |    92 |    37 ||   179
Dodge: Dodged            |    54 |    27 |   150 |    92 ||   323
Block: Buckler           |       |       |    40 |    45 ||    85
